 Dungeon Crawl Stone Soup version 0.25.1-8-g42b30a86e7 (webtiles) character file.

Game seed: 17342688420291393005

9544 Destapler the Conjurer (level 11, -3/89 HPs)
             Began as a Demigod Conjurer on Dec 9, 2020.
             Slain by an unseen horror (7 damage)
             ... on level 10 of the Dungeon on Dec 10, 2020.
             The game lasted 01:22:24 (14855 turns).

Destapler the Conjurer (Demigod Conjurer)          Turns: 14855, Time: 01:22:25

Health: -3/89      AC: 12    Str: 11    XL:     11   Next: 4%
Magic:  21/24      EV: 15    Int: 21    God:
Gold:   322        SH:  6    Dex: 23    Spells: 19/22 levels left

rFire    + . .     SeeInvis .   P - staff of wizardry (curse)
rCold    . . .     Gourm    .   N - +0 buckler
rNeg     . . .     Faith    .   x - +3 leather armour
rPois    .         Spirit   .   z - +1 hat
rElec    .         Reflect  .   K - scarf {repulsion}
rCorr    +         Harm     .   O - +2 pair of gloves {Dex+3}
MR       +....                  w - +0 pair of boots
Stlth    +++.......             (no amulet)
HPRegen  0.24/turn              o - ring of protection from fire
MPRegen  0.19/turn              L - ring of resist corrosion

@: repel missiles
A: high mp 1
a: no special abilities


You were on level 10 of the Dungeon.
You were near starving.

You visited 1 branch of the dungeon, and saw 10 of its levels.
You also visited: Ossuary.

You collected 546 gold pieces.
You spent 224 gold pieces at shops.

Inventory:

Hand Weapons
 a - a +2 dagger of electrocution
Missiles
 s - 11 boomerangs (quivered)
 y - 15 poisoned darts
Armour
 d - a +1 robe of fire resistance
 w - a +0 pair of boots (worn)
 x - a +3 leather armour (worn)
 z - a +1 hat (worn)
 E - a +1 robe of magic resistance
 I - a +1 cloak
 K - a scarf of repulsion (worn)
 N - a +0 buckler (worn)
 O - a +2 pair of gloves of dexterity (worn)
 T - a +0 troll leather armour
Magical Staves
 P - a cursed staff of wizardry (weapon)
Jewellery
 o - a ring of protection from fire (left hand)
 G - an uncursed ring of protection from cold
 L - a ring of resist corrosion (right hand)
 R - an uncursed ring of protection from magic
Wands
 A - a wand of acid (17)
 D - a wand of random effects (18)
 F - a wand of flame (25)
Scrolls
 j - 4 scrolls of enchant armour
 k - 3 scrolls of magic mapping
 l - a scroll of fog
 m - a scroll of enchant weapon
 p - 4 scrolls of identify
 t - 5 scrolls of amnesia
 J - a scroll of immolation
 Q - a scroll of blinking
 S - a scroll of teleportation
Potions
 b - 2 potions of heal wounds {unknown}
 e - a potion of invisibility {unknown}
 f - 6 potions of might
 g - a potion of resistance {unknown}
 h - 4 potions of curing
 i - 4 potions of stabbing
 n - 2 potions of haste
 q - 2 potions of brilliance {unknown}
 r - 2 potions of mutation {unknown}
 u - a potion of cancellation {unknown}
 v - 3 potions of lignification
 B - 4 potions of berserk rage
 C - 2 potions of flight
 H - a potion of ambrosia
 M - a potion of magic {unknown}
Comestibles
 c - 14 rations


   Skills:
 + Level 6.1 Fighting
 + Level 6.4 Short Blades
   Level 2.3 Maces & Flails
 - Level 5.0 Armour
 - Level 5.0 Dodging
 - Level 5.0 Stealth
 - Level 4.0 Shields
 + Level 6.0 Spellcasting
 + Level 7.2 Conjurations
 - Level 3.0 Evocations


You had 19 spell levels left.
You knew the following spells:

 Your Spells              Type           Power        Failure   Level  Hunger
a - Magic Dart            Conj           ####         1%          1    None
b - Searing Ray           Conj           #####.       1%          2    None

Your spell library contained the following spells:

 Spells                   Type           Power        Failure   Level  Hunger
 Dazzling Flash           Conj/Hex       ###...       3%          3    ##.....
 Fulminant Prism          Conj/Hex       ###.......   12%         4    ####...
 Iskenderun's Mystic Bla  Conj/Tloc      ###.....     12%         4    ####...


Dungeon Overview and Level Annotations

Branches:
Dungeon (10/15)            Temple (0/1) D:7            Lair (0/6) D:9
Ossuary (visited)
    Orc: D:9-12

Shops:
D:7 [

Annotations:
D:7 1 runed translucent door


Innate Abilities, Weirdness & Mutations

You have an increased reservoir of magic. (+10% MP)


Message History

You feel better. Something hits you!
* * * LOW HITPOINT WARNING * * *
Something hits you.
* * * LOW HITPOINT WARNING * * *
As you read the scroll of identify, it crumbles to dust.
i - 4 potions of stabbing Something hits you but does no damage.
Something hits you.
* * * LOW HITPOINT WARNING * * *
Casting: Searing Ray (safe; 1% risk of failure)
Confirm with . or Enter, or press ? or * to list all spells.
Aiming: Searing Ray (safe; 1% risk of failure)
Press: ? - help, Shift-Dir - straight line, f - hungry ghost
Aim: a hungry ghost The searing ray hits something!
The searing ray hits something. (Press . to maintain the ray.)
Something hits you.
* * * LOW HITPOINT WARNING * * *
The searing ray hits something.
The searing ray hits something!
You block something's attack. Something hits you!
You die...

#......... #.........
#......... . #.........
....###########.........
.......@{.W.............
##########..............
#.W###### #...# #..# #...#
#. #..# #...#
..###########..########...#
......................>....
...........................
........########...########


You could see a hungry ghost.

Vanquished Creatures
  3 two-headed ogres
  An unseen horror (D:10)
  Pikel (D:6)
  2 trolls
  4 hogs
  A human (D:7)
  A hungry ghost (D:10)
  2 orc warriors
  An ice beast (D:7)
  3 sky beasts
  2 slaves
  A necrophage (D:5)
  8 ogres
  4 phantoms
  4 centaurs
  Blork the orc (D:5)
  7 bullfrogs
  5 scorpions
  11 killer bees (D:8)
  3 wights (D:9)
  7 crimson imps
  A centaur zombie (D:8)
  4 orc priests
  A bullfrog skeleton (D:4)
  8 hounds
  6 jellies
  8 orc wizards
  Crazy Yiuf (D:2)
  5 iguanas
  13 worker ants
  14 mummies (Ossuary)
  A howler monkey zombie (D:5)
  A worker ant zombie (D:10)
  4 gnolls (D:8)
  A howler monkey skeleton (D:8)
  13 adders
  A shadow imp (D:7)
  2 oozes (D:2)
  An adder skeleton (D:4)
  A worm (D:4)
  2 dart slugs
  4 leopard geckos
  51 orcs
  4 giant cockroaches
  12 goblins
  6 hobgoblins
  10 jackals
  2 quokkas
  4 bats
  3 frilled lizards (D:3)
  2 gnoll skeletons (Ossuary)
  2 goblin skeletons (Ossuary)
  7 kobolds
  2 kobold skeletons (Ossuary)
  A leopard gecko skeleton (D:7)
  2 orc skeletons (Ossuary)
  10 rats
  11 rat skeletons (Ossuary)
  A fungus (D:2)
294 creatures vanquished.

Vanquished Creatures (others)
  A slave (D:7)
  An orc priest (D:7)
  An orc (D:7)
3 creatures vanquished.

Grand Total: 297 creatures vanquished

Notes
Turn   | Place    | Note
-------+----------+-------------------------------------------
     0 | D:1      | Destapler the Demigod Conjurer began the quest for the Orb.
     0 | D:1      | Reached XP level 1. HP: 14/14 MP: 5/5
   441 | D:1      | Reached XP level 2. HP: 12/22 MP: 1/7
  1579 | D:2      | Reached XP level 3. HP: 27/27 MP: 2/8
  1593 | D:2      | Reached skill level 1 in Fighting
  2020 | D:2      | Reached skill level 4 in Conjurations
  2120 | D:2      | Reached XP level 4. HP: 35/35 MP: 10/10
  2273 | D:2      | Found a runed translucent door.
  2274 | D:2      | Noticed Crazy Yiuf
  2284 | D:2      | Killed Crazy Yiuf
  3189 | D:3      | Learned a level 2 spell: Searing Ray
  3602 | D:3      | Reached XP level 5. HP: 40/40 MP: 11/11
  3603 | D:3      | Found a shattered altar of Ashenzari.
  3653 | D:3      | Noticed an ogre
  3659 | D:3      | Killed an ogre
  3659 | D:3      | Reached skill level 1 in Maces & Flails
  4165 | D:4      | Reached skill level 1 in Short Blades
  4310 | D:4      | Reached XP level 6. HP: 48/48 MP: 7/13
  5084 | D:4      | Reached XP level 7. HP: 36/56 MP: 1/14
  5701 | D:5      | Entered Level 5 of the Dungeon
  5760 | D:5      | Found a sand-covered staircase.
  5769 | Ossuary  | Entered an ossuary
  6743 | D:5      | Reached skill level 5 in Conjurations
  6743 | D:5      | Reached XP level 8. HP: 41/63 MP: 11/16
  6909 | D:5      | Reached skill level 1 in Armour
  6909 | D:5      | Reached skill level 1 in Evocations
  7042 | D:5      | Noticed Blork the orc
  7046 | D:5      | Killed Blork the orc
  8929 | D:6      | Found a radiant altar of Vehumet.
  8929 | D:6      | Found a bloodstained altar of Trog.
  8943 | D:6      | Found an opulent altar of Gozag.
  9022 | D:6      | Found an ancient bone altar of Kikubaaqudgha.
  9022 | D:6      | Found a blossoming altar of Fedhas.
  9188 | D:7      | Found a basalt altar of Yredelemnul.
  9241 | D:7      | Reached XP level 9. HP: 60/71 MP: 12/18
  9253 | D:7      | Noticed Pikel
  9373 | D:6      | Killed Pikel
  9373 | D:6      | Reached skill level 5 in Stealth
  9657 | D:7      | Found a staircase to the Ecumenical Temple.
  9773 | D:7      | Found Yveom's Armour Emporium.
  9778 | D:7      | Bought a +0 buckler for 63 gold pieces
  9778 | D:7      | Bought a +0 pair of gloves of dexterity for 161 gold pieces
  9978 | D:7      | Found a runed translucent door.
  9981 | D:7      | Noticed a sixfirhy
 10102 | D:7      | Found a white marble altar of Elyvilon.
 10189 | D:7      | Reached skill level 5 in Dodging
 10189 | D:7      | Reached skill level 1 in Shields
 10191 | D:7      | Reached skill level 5 in Short Blades
 10408 | D:7      | Reached skill level 6 in Conjurations
 10870 | D:8      | Noticed a two-headed ogre
 10893 | D:8      | Killed a two-headed ogre
 10893 | D:8      | Reached skill level 5 in Fighting
 10893 | D:8      | Reached skill level 5 in Spellcasting
 10893 | D:8      | Reached XP level 10. HP: 46/81 MP: 10/21
 11264 | D:8      | Noticed a two-headed ogre
 11766 | D:8      | Noticed a two-headed ogre
 11774 | D:8      | Killed a two-headed ogre
 12942 | D:9      | Found a staircase to the Lair.
 13166 | D:10     | Entered Level 10 of the Dungeon
 13166 | D:10     | Found a bloodstained altar of Trog.
 14049 | D:10     | Reached skill level 7 in Conjurations
 14295 | D:10     | Noticed a two-headed ogre
 14304 | D:10     | Killed a two-headed ogre
 14428 | D:10     | HP: 2/83 [something (7)]
 14436 | D:10     | Killed an unseen horror
 14436 | D:10     | Reached skill level 5 in Armour
 14436 | D:10     | Reached XP level 11. HP: 11/89 MP: 21/24
 14854 | D:10     | HP: 4/89 [something (5)]
 14855 | D:10     | Slain by an unseen horror

Illustrated notes

Levels and vault maps discovered:
D:1:      dpeg_arrival_morbid_curiosity, layout_basic
D:2:      layout_loops_ring, first_ration, uniq_crazy_yiuf_cottage
D:3:      layout_basic, ashenzari_conservatory_becter
D:4:      layout_cave_pods
D:5:      layout_loops_corners, enter_ossuary_1, dk_rats_in_the_wall,
          uniq_blork_the_orc
D:6:      layout_basic, grunt_temple_overflow_growth_and_decay,
          gammafunk_temple_overflow_claw
D:7:      cheibrodos_shockbox, layout_cave_pools, kennysheep_ying_yang,
          minmay_temple_entry_purple_smoke, serial_shops,
          nicolae_shop_behind_doors, grunt_livestock, uniq_pikel
D:8:      layout_loops_cross
D:9:      layout_rooms, lair_entry_dummy, minmay_between
D:10:     layout_long_grid, basic_altar, grunt_decor_arrowhead

Skill      XL: |  1  2  3  4  5  6  7  8  9 10 |
---------------+-------------------------------+-----
Stealth        | 2 3 4 5 |  5.0
Dodging        | 2 3 4 5 |  5.0
Spellcasting   | 2 3 4 5 6 |  6.0
Fighting       | 1 2 3 5 6 |  6.1
Conjurations   | 4 5 6 7 |  7.2
Maces & Flails | 1 2 |  2.3
Short Blades   | 1 2 4 5 6 |  6.4
Armour         | 2 3 5 |  5.0
Evocations     | 2 3 |  3.0
Shields        | 3 4 |  4.0

Action                   |  1- 3 |  4- 6 |  7- 9 | 10-12 || total
-------------------------+-------+-------+-------+-------++-------
Melee: Dagger            |    20 |    58 |   128 |    21 ||   227
       Mace              |       |    12 |       |       ||    12
       Staff             |       |       |       |    16 ||    16
 Cast: Magic Dart        |    78 |   116 |   198 |   178 ||   570
       Searing Ray       |       |    11 |    42 |    46 ||    99
  Use: Scroll            |       |       |    20 |     1 ||    21
       Potion            |       |       |     1 |     2 ||     3
 Stab: Sleeping          |     1 |     2 |    17 |     6 ||    26
  Eat: Chunk             |     4 |    10 |    15 |    11 ||    40
       Ration            |       |       |     1 |       ||     1
Armor: Robe              |    11 |     2 |       |       ||    13
       Leather armour    |       |     7 |    44 |    77 ||   128
Dodge: Dodged            |    27 |    35 |   135 |   118 ||   315
       Repelled          |       |       |     1 |     7 ||     8
Block: Buckler           |       |       |    14 |    66 ||    80
